 Dungeon Crawl Stone Soup version 0.28.0-53-g5a82cb258f (webtiles) character file.

Game seed: 6774670603400397963

89 mortz the Firebug (level 4, -9/33 HPs)
             Began as a Demigod Fire Elementalist on July 9, 2022.
             Mangled by a gnoll
             ... wielding a +0 flail
              (11 damage)
             ... on level 2 of the Dungeon on July 10, 2022.
             The game lasted 00:11:54 (1996 turns).

mortz the Firebug (Demigod Fire Elementalist)       Turns: 1996, Time: 00:11:55

Health: -9/33      AC:  4    Str:  9    XL:     4   Next: 10%
Magic:  0/10       EV: 12    Int: 21    God:
Gold:   98         SH:  0    Dex: 14    Spells: 5/8 levels left

rFire   . . .      SeeInvis .   b - +1 short sword {short}
rCold   . . .      Faith    .   (no shield)
rNeg    . . .      Spirit   .   a - +0 robe
rPois   .          Reflect  .   (no helmet)
rElec   .          Harm     .   (no cloak)
rCorr   .          Rampage  .   (no gloves)
Will    .....                   d - +1 pair of boots {Stlth+}
Stlth   +++.......              (no amulet)
HPRegen 0.11/turn               e - ring of wizardry
MPRegen 0.12/turn               (no ring)

@: no status effects
A: high MP 1, forlorn, divine attributes
a: no special abilities


You were on level 2 of the Dungeon.
You visited 1 branch of the dungeon, and saw 2 of its levels.

You collected 98 gold pieces.


Innate Abilities, Weirdness & Mutations

You have an increased reservoir of magic. (+10% MP)
You shall have no god before yourself.
Your divine heritage dramatically boosts your attributes as you level up.


   Skills:
 + Level 2.1 Dodging
 + Level 2.1 Stealth
 + Level 2.6 Spellcasting
 + Level 1.7 Conjurations
 + Level 3.4 Fire Magic


You had 5 spell levels left.
You knew the following spells:

 Your Spells              Type           Power      Damage    Failure   Level
a - Foxfire               Conj/Fire      52%        2x1d6     1%          1
b - Scorch                Fire           34%        2d6       1%          2

Your spell library contained the following spells:

 Spells                   Type           Power      Damage    Failure   Level
 Conjure Flame            Conj/Fire      13%        6-21      6%          3
 Inner Flame              Hex/Fire       9%         N/A       9%          3
 Flame Wave               Conj/Fire      13%        2d6       19%         4

Inventory:

Hand Weapons
 b - a +1 short sword (weapon) {short}
   (You took it off a kobold on level 1 of the Dungeon)
Armour
 a - a +0 robe (worn)
 d - a +1 pair of boots of stealth (worn)
   (You found it on level 1 of the Dungeon)
Jewellery
 e - a ring of wizardry (left hand)
   (You found it on level 1 of the Dungeon)
Scrolls
 c - a scroll of enchant weapon
 h - a scroll of immolation {unknown}
 j - a scroll of summoning {unknown}
 l - a scroll of magic mapping {unknown}
 m - a scroll of enchant armour {unknown}
 n - a scroll of identify {unknown}
Potions
 f - a potion of magic {unknown}
 g - a potion of attraction {unknown}
 i - a potion of degeneration {unknown}
 k - a potion of curing {unknown}

Dungeon Overview and Level Annotations

Branches:
Dungeon (2/15)

#...# #..........#
#...# #####.#......
+...+ #.......###..
#...# #####.#.#.##.
#...# #.#.##.## #...#
#.#..##.. ### #...#
##### #.#...#.. #...
#...###...##
#.#...... .....
#...##..@..##
#.#.##..#
......#...#..)g...#
#...#####
.$....')..'.).g(..#
###......
......#...#....ยง..#
#<##.## .....
#...##.....## #.##...
#... #...###...##
#.##### ##### #...#
##### #......
##...###...###...##
#######
##.....##...##.....##
#


You could see 2 gnolls.


Message History

Your mp is fully restored (9).
m - a scroll labelled WIURYRO MEHI
Things that are here:
a +0 whip {mace}; 2 stones {throwing}
There is an open door here.
n - a scroll labelled VYNNOJ VUJOAPU You open the door.
A kobold comes into view. It is wielding a +0 dagger.
You conjure some foxfire! ๐Ÿ˜Ž MP[-1]
You lost 1 mp, and now have 8/9 mp.
The kobold shouts!
The foxfire hits the kobold but does no damage.
The foxfire hits the kobold.
You conjure some foxfire! ๐Ÿ˜Ž MP[-1]
You lost 1 mp, and now have 7/9 mp.
The foxfire hits the kobold.
You kill the kobold!
There is an open door here.
There is an open door here.
You open the door.
A giant cockroach and 4 gnolls come into view.
The gnoll shouts! x4 ๐Ÿ˜Ž MP[+2]
Your mp is fully restored (9).
You conjure some foxfire! ๐Ÿ˜Ž MP[-1]
You lost 1 mp, and now have 8/9 mp.
You conjure some foxfire!
The foxfire hits the giant cockroach. ๐Ÿ˜Ž MP[-1]
You lost 1 mp, and now have 7/9 mp.
You conjure some foxfire!
The foxfire hits the giant cockroach. x2
You kill the giant cockroach!
The foxfire hits the gnoll. ๐Ÿ˜Ž MP[-1]
You lost 1 mp, and now have 6/9 mp.
You conjure some foxfire!
The foxfire hits the gnoll but does no damage. x2 ๐Ÿ˜Ž MP[-1]
You lost 1 mp, and now have 5/9 mp.
You conjure some foxfire!
The foxfire hits the gnoll but does no damage.
The foxfire hits the gnoll.
The gnoll hits you with a +0 flail. ๐Ÿ˜• HP[-1] MP[-1]
You take 1 damage, and now have 25/26 hp.
You lost 1 mp, and now have 4/9 mp.
You conjure some foxfire!
The foxfire hits the gnoll but does no damage.
The foxfire hits the gnoll.
The gnoll closely misses you. ๐Ÿ˜• MP[-1]
You lost 1 mp, and now have 3/9 mp.
You conjure some foxfire!
The foxfire hits the gnoll. x2 ๐Ÿ˜• MP[-1]
You lost 1 mp, and now have 2/9 mp.
You conjure some foxfire!
The foxfire hits the gnoll. x2
You kill the gnoll! ๐Ÿ˜• MP[-1]
You lost 1 mp, and now have 1/9 mp.
You conjure some foxfire!
The foxfire hits the gnoll.
The gnoll hits you but does no damage.
The foxfire hits the gnoll. x3
There is an open door here.
You see here a +0 dagger {short}. ๐Ÿ˜Ž HP[+1]
Your hp is fully restored (26).
You conjure some foxfire!
The gnoll closely misses you. ๐Ÿ˜Ž MP[-1]
You lost 1 mp, and now have 0/9 mp.
You hit the gnoll but do no damage.
The foxfire hits the gnoll. x2
You kill the gnoll!
The gnoll hits you with a +0 flail.
You have reached level 4! ๐Ÿ˜• HP[+3]
You now have 33 max hp (+7).
You regained 3 hp, and now have 29/33 hp.
You barely miss the gnoll. You punch the gnoll.
The gnoll hits you with a +0 flail!
The gnoll hits you with a +0 flail. x2 ๐Ÿ˜ฎ HP[-12] MP[+1]
You take 12 damage, and now have 17/33 hp.
MASSIVE DAMAGE!! (PAUSE)
You completely miss the gnoll. The gnoll hits you with a +0 flail!
* * * LOW HITPOINT WARNING * * *
The gnoll closely misses you. ๐Ÿ˜จ HP[-7]
You take 7 damage, and now have 10/33 hp.
MASSIVE DAMAGE!! (PAUSE)
You are too injured to fight recklessly!
Casting: Foxfire (safe; 1% risk of failure)
Press: ? - help, Q - select action, (/) - cycle Dir - look around, f - activate You conjure some foxfire!
The gnoll closely misses you. The gnoll hits you with a +0 flail!
* * * LOW HITPOINT WARNING * * *
๐Ÿ˜ฑ HP[-8] MP[-1]
You take 8 damage, and now have 2/33 hp.
MASSIVE DAMAGE!! (PAUSE)
You lost 1 mp, and now have 0/10 mp.
The foxfire hits the gnoll. x2
The gnoll hits you with a +0 flail!
You die...

Skill      XL: |  1  2 |
---------------+-------+-----
Dodging        | 2 |  2.1
Spellcasting   | 2 |  2.6
Fire Magic     | 3 |  3.4
Stealth        | 2 |  2.1
Conjurations   | 1 |  1.7

Action                   |  1- 3 |  4- 6 || total
-------------------------+-------+-------++-------
Melee: Short sword       |     3 |     2 ||     5
       Punch             |       |     1 ||     1
 Cast: Foxfire           |    61 |     1 ||    62
  Use: Scroll            |     1 |       ||     1
Armor: Robe              |     7 |       ||     7
Dodge: Dodged            |     9 |     2 ||    11

Levels and vault maps discovered:
D:1:      lightli_arrival_boilingwater, layout_basic,
          chequers_ecumenical_altar_simple, kennysheep_small_spiral
D:2:      kennysheep_six_static_rooms, layout_loops_corners, minmay_cupped

Notes
Turn   | Place    | Note
-------+----------+-------------------------------------------
     0 | D:1      | mortz the Demigod Fire Elementalist began the quest for the
                  | Orb.
     0 | D:1      | Reached XP level 1. HP: 14/14 MP: 5/5
     0 | D:1      | magus.rc [v1.9.6]
   412 | D:1      | Reached skill level 2 in Dodging
   412 | D:1      | Reached XP level 2. HP: 17/20 MP: 4/7
   419 | D:1      | Learned a level 2 spell: Scorch
   493 | D:1      | Reached skill level 2 in Spellcasting
   493 | D:1      | Reached skill level 3 in Fire Magic
  1004 | D:1      | magus.rc [v1.9.6]
  1067 | D:2      | Reached skill level 2 in Stealth
  1067 | D:2      | Reached skill level 1 in Conjurations
  1127 | D:2      | Reached XP level 3. HP: 26/26 MP: 4/8
  1992 | D:2      | Reached XP level 4. HP: 29/33 MP: 0/10
  1994 | D:2      | HP: 2/33 [gnoll/+0 flail (8)]
  1996 | D:2      | Mangled by a gnoll

Vanquished Creatures
  2 gnolls (D:2)
  4 adders (D:2)
  2 ball pythons (D:1)
  2 endoplasms
  A giant cockroach (D:2)
  5 goblins
  2 hobgoblins (D:1)
  3 jackals (D:2)
  A quokka (D:1)
  2 bats (D:1)
  8 kobolds
  3 rats (D:2)
35 creatures vanquished.

Vanquished Creatures (others)
  109 foxfires
109 creatures vanquished.

Grand Total: 144 creatures vanquished

Table legend:
 A = Non-vault XP
 B = Vault XP
 C = Vault XP percentage of total XP
 D = Non-vault monster count
 E = Vault monster count
 F = Vault count percentage of total count
                 A         B        C        D         E       F
            +---------+---------+-------+---------+---------+-------
      Total |     107 |      21 |  16.4 |      29 |       6 |  17.1
            +---------+---------+-------+---------+---------+-------
        D:1 |      23 |       0 |   0.0 |      14 |       0 |   0.0
        D:2 |      84 |      21 |  20.0 |      15 |       6 |  28.6
            +---------+---------+-------+---------+---------+-------

Illustrated notes

Table legend:
 A = Kills in this place as a percentage of kills in entire the game.
 B = Kills by you in this place as a percentage of kills by you in the entire game.
 C = Kills by friends in this place as a percentage of kills by friends in the entire game.
 D = Other kills in this place as a percentage of other kills in the entire game.
 E = Experience gained in this place as a percentage of experience gained in the entire game.
 F = Experience gained in this place divided by the number of levels of this place that you have seen.
                   A       B       C       D       E      F
               +-------+-------+-------+-------+-------+----------------------
         Total | 100.0 | 100.0 |   N/A |   N/A | 100.0 |  64.0
       Dungeon | 100.0 | 100.0 |   N/A |   N/A | 100.0 |  64.0
               +-------+-------+-------+-------+-------+----------------------

Table legend: (Time is in decaauts)
 A = Elapsed time spent in this place.
 B = Non-inter-level travel time spent in this place.
 C = Inter-level travel time spent in this place.
 D = Time resting spent in this place.
 E = Time spent auto-exploring this place.
 F = Levels seen in this place.
 G = Mean time per level.
                   A        B        C        D        E       F      G
               +--------+--------+--------+--------+--------+-----+--------+
         Total |   1997 |   1997 |      0 |     28 |   1645 |   2 |  998.5 |
       Dungeon |   1997 |   1997 |      0 |     28 |   1645 |   2 |  998.5 |
               +--------+--------+--------+--------+--------+-----+--------+

Top non-repeatable levels by time:
     D:1: 1013 daAuts
     D:2: 983 daAuts
